 Dungeon Sprint DCSS version 0.20-a0-871-g785f14b (webtiles) character file.

32298 esc the Warrior (level 13, -4/82 HPs)
             Began as a Gargoyle Fighter on Mar 9, 2017.
             Was the Champion of Makhleb.
             Slain by Roal the pandemonium lord (15 damage)
             ... in the Dungeon (Sprint V: "Ziggurat Sprint") on Mar 14, 2017.
             The game lasted 00:32:26 (1354 turns).

esc the Warrior (Gargoyle Fighter)                  Turns: 1354, Time: 00:32:27

Health: -4/82      AC: 40    Str: 31      XL:     13   Next: 63%
Magic:  28/28      EV:  8    Int: 12 (13) God:    Makhleb [******]
Gold:   0          SH: 32    Dex:  8 (9)  Spells: 12/35 levels left

rFire    + . .     SeeInvis .   c - +6 shillelagh "Devastator" {shatter}
rCold    + . .     Gourm    .   M - +15 Maxwell's patent armour {-Cast -Tele rElec MR+ rCorr}
rNeg     + + .     Faith    .   N - +18 shield of the Gong {rElec rN+ MR+ EV-5}
rPois    ∞         Spirit   .   Y - +1 hat {MR+}
rElec    +         Reflect  .   (no cloak)
rCorr    +         Harm     +   (no gloves)
MR       +++..     NoTele   +   G - +2 pair of boots {Fly} Stlth ..........NoCast +
                                W - amulet of harm
Regen    0.3/turn               K - +6 ring of strength
MPRegen  0.3/turn               J - +6 ring of strength

@: resistant, very slightly contaminated, hasted, studying Fire Magic, very
quick
A: blurry vision 1, deformed body, deterioration 2, dopey 1, frail 1, mutation
resistance 1, negative energy resistance 1, electricity resistance, unbreathing,
petrification resistance, rot immunity, AC +9
a: Minor Destruction, Lesser Servant of Makhleb, Major Destruction, Greater
Servant of Makhleb, Renounce Religion, Evoke Flight


You were in the Dungeon.
You worshipped Makhleb.
Makhleb was exalted by your worship.
You were not hungry.

You visited 1 branch

Inventory:

Hand Weapons
 c - the +6 shillelagh "Devastator" (weapon) {shatter}
   (You found it in the Dungeon)
 U - the +8 whip "Snakebite" {curare, rPois}
   (You found it in the Dungeon)

   It poisons the flesh of those it strikes.
   It protects you from poison.
Armour
 o - a +0 helmet of intelligence
   (You found it in the Dungeon)
 y - a scarf of cold resistance
   (You found it in the Dungeon)
 G - a +2 pair of boots of flying (worn)
   (You found it in the Dungeon)
 M - the +15 Maxwell's patent armour (worn) {-Cast -Tele rElec MR+ rCorr}
   (You found it in the Dungeon)

   It insulates you from electricity.
   It affects your resistance to hostile enchantments.
   It prevents spellcasting.
   It prevents most forms of teleportation.
   It protects you from acid and corrosion.
 N - the +18 shield of the Gong (worn) {rElec rN+ MR+ EV-5}
   (You found it in the Dungeon)

   It affects your evasion (-5).
   It insulates you from electricity.
   It protects you from negative energy.
   It affects your resistance to hostile enchantments.
 O - +5 fire dragon scales
   (You found it in the Dungeon)
 P - +5 gold dragon scales
   (You found it in the Dungeon)
 Q - +5 ice dragon scales
   (You found it in the Dungeon)
 Y - a +1 hat of magic resistance (worn)
   (You found it in the Dungeon)
Magical Staves
 a - an uncursed staff of air {rElec}
   (You found it in the Dungeon)
 t - an uncursed staff of conjuration {!a}
   (You found it in the Dungeon)
 D - an uncursed staff of energy {@w1+MP, hungerless spells, !d!a}
   (You found it in the Dungeon)
 T - an uncursed staff of wizardry {wiz+, !a}
   (You found it in the Dungeon)
Jewellery
 b - an uncursed ring of fire {rF+, rC-}
   (You found it in the Dungeon)
 H - a +6 ring of intelligence
   (You found it in the Dungeon)
 I - a +6 ring of intelligence
   (You found it in the Dungeon)
 J - a +6 ring of strength (left hand)
   (You found it in the Dungeon)
 K - a +6 ring of strength (right hand)
   (You found it in the Dungeon)
 W - an amulet of harm (around neck)
   (You found it in the Dungeon)
Wands
 A - a wand of iceblast (2/15)
   (You found it in the Dungeon)
 C - a wand of acid (3/15)
   (You found it in the Dungeon)
Scrolls
 k - 4 scrolls of blinking {!r}
 q - 4 scrolls of amnesia
 r - 3 scrolls of recharging
 s - 7 scrolls of fog
 u - 5 scrolls of identify
 v - 5 scrolls of remove curse
 w - 2 scrolls of fear
Potions
 d - 5 potions of might
 e - 10 potions of curing
 g - 8 potions of heal wounds
 h - 4 potions of haste
 i - 7 potions of magic
 j - a potion of berserk rage {!q}
 l - 2 potions of brilliance
 m - 2 potions of invisibility
 n - 3 potions of resistance
 p - 6 potions of agility
Books
 F - a book of the Sky
   (You found it in the Dungeon)
 V - a manual of Fire Magic {!d}
   (You found it in the Dungeon)
Miscellaneous
 E - a crystal ball of energy
   (You found it in the Dungeon)
 L - a lightning rod (1/4)
   (You found it in the Dungeon)
 R - a phantom mirror
 S - 4 sacks of spiders
 Z - 3 boxes of beasts
Comestibles
 f - 4 bread rations {@e1}
 x - 42 fruits
 z - 4 meat rations {@e2}


   Skills:
 - Level 15.2 Fighting
 - Level 13.8 Maces & Flails
 - Level 15.2 Armour
 - Level 11.8 Dodging
 - Level 15.1 Shields
 + Level 11.5 Spellcasting
 + Level 9.1 Air Magic
 - Level 9.7 Invocations


You had 12 spell levels left.
You knew the following spells:

 Your Spells              Type           Power        Failure   Level  Hunger
a - Tornado               Air            ####......   100%        9    #######
b - Ignition              Fire           #.........   100%        8    #######
d - Deflect Missiles      Chrm/Air       ###.......   100%        6    ######.


Dungeon Overview and Level Annotations

Branches:
Dungeon (1/1)

Altars:
Ashenzari
Cheibriados
Dithmenos
Elyvilon
Fedhas
Gozag
Hepliaklqana
Kikubaaqudgha
Makhleb
Nemelex Xobeh
Okawaru
Qazlal
Ru
Sif Muna
Trog
Uskayaw
Vehumet
Wu Jian
Xom
Yredelemnul
Zin
The Shining One
Beogh
Jiyva
Lugonu


Innate Abilities, Weirdness & Mutations

You are resistant to torment.
Your stone body is resilient. (AC +9)
You are immune to poison.
You resist negative energy. (rN+)
You are resistant to electric shocks. (rElec)
You can survive without breathing.
You are immune to petrification.
You are immune to rotting.
Scrolls take you a little longer to read.
Armour fits poorly on your strangely shaped body.
Your body often deteriorates upon taking damage.
You are dopey. (Int -2)
You are frail. (-10% HP)
You are somewhat resistant to further mutation.


Message History

GONNNNG!
The ynoxinul gestures.
The tormentor roars, "Despond, thou feeble roguish swadder!"
Dyd Kal gestures.
You block the soul eater's attack.
PANG!
The blizzard demon hits you but does no damage.
You block the blizzard demon's attack.
GONNNNG!
Dyd Kal blinks!
You block the orange demon's attack.
BONNNG!
You block the orange demon's attack.
GONNNNG!
The blizzard demon waves its arms in wide circles.
The air twists around and violently strikes you in flight!
Dyd Kal blinks!
You see here a +0 broad axe of chopping.
You take 33 damage, and have 38/92 hp.
MASSIVE DAMAGE!!
The tormentor calls on the powers of darkness!
Your body is wracked with pain!
You block the orange demon's attack.
GONNNNG!
The ynoxinul gestures.
You see here a scarf of cold resistance.
You take 7 damage, and have 31/92 hp.
Unknown command.
Unknown command.
y - a scarf of cold resistance The ufetubus disappears in a puff of smoke!
The rust devil hits you. The neqoxec gestures at you.
Strange energies course through your body.
You feel frail.
The tormentor calls on the powers of darkness!
Your body is wracked with pain!
You take 6 damage, and have 25/82 hp.
Unknown command.
Unknown command.
You block the ufetubus's attack.
SHROANNG!
You block the ufetubus's attack.
GONNNNG!
The neqoxec gestures.
Unknown command.
Unknown command.
You completely miss the ufetubus. You block the ufetubus's attack.
BOUMMMMG!
The ufetubus completely misses you.
The blizzard demon waves its arms in wide circles.
The air twists around and violently strikes you in flight!
* * * LOW HITPOINT WARNING * * *
Your body deteriorates!
You feel clumsy. You block the ufetubus's attack.
BOUMMMMG!
You block the ufetubus's attack.
PANG!
You take 19 damage, and have 6/82 hp.
MASSIVE DAMAGE!!
Unknown command.
Okay, then.
Okay, then.
Unknown command.
You feel much better. You block the ufetubus's attack.
PTOANNNG!
You block the ufetubus's attack.
GONNNNG!
You block the ufetubus's attack.
GONNNNG!
You block the ufetubus's attack.
GONNNNG!
You regained 19 hp, and now have 25/82 hp.
You float gracefully downwards.
The tormentor calls on the powers of darkness!
Your body is wracked with pain!
* * * LOW HITPOINT WARNING * * *
You block the ufetubus's attack.
GONNNNG!
You block the ufetubus's attack.
GONNNNG!
You block the chaos spawn's attack.
BONNNG!
You take 4 damage, and have 21/82 hp.
Unknown command.
Unknown command.
Unknown command.
Okay, then.
Okay, then.
Wield which item (- for none, * to show all)? (? for menu, Esc to quit)
Okay, then.
Okay, then.
The tormentor says, "I am all your nightmares come true."
The ufetubus hits you but does no damage.
You block the ufetubus's attack.
GONNNNG!
The soul eater draws from the surrounding life force!
* * * LOW HITPOINT WARNING * * *
Roal hits you!
You die...

▓.............▓.......
▓.............▓))▓....
▓.†▓.......▓..▓)▓▓▓...
▓†▓▓▓.....▓▓▓.▓))▓....
▓..▓†......▓..▓.))....
▓.††..........▓▓▓▓▓▓▓▓
▓.............▓....8©8
▓▓▓▓▓▓▓▓▓▓▓▓▓▓▓..})).[
▓.554@8©8.... ▓...}["=
▓543&5355!:). ▓.......
▓.4244355"}=. ▓.......
▓.425435..... ▓.......
▓..3125.......▓..)....
▓....1&.......▓()▓....
▓.............▓(▓▓▓...
▓............ ▓))▓(...
▓..▓.......▓ ▓..)....


You could see Dyd Kal, Roal, 2 Tzitzimimeh, 2 blizzard demons, 2 soul eaters, 2
orange demons, a hellwing, 2 rust devils, a smoke demon, a tormentor, a neqoxec,
a ynoxinul, 2 chaos spawn, an iron imp, 2 white imps and 8 ufetubi.

Vanquished Creatures
  A pandemonium lord (D)
  2 orc warlords (D)
  A very ugly thing (D)
  3 stone giants (D)
  A black draconian (D)
  An ettin (D)
  An ice dragon (D)
  2 hydras (D)
  An anaconda (shapeshifter) (D)
  A deep elf knight (D)
  An orc high priest (D)
  A deep elf archer (D)
  3 orc sorcerers (D)
  6 draconians (D)
  A manticore (shapeshifter) (D)
  An ugly thing (D)
  A shining eye (D)
  A cyclops (shapeshifter) (D)
  A rust devil (D)
  A black mamba (D)
  A freezing wraith (D)
  A komodo dragon (D)
  A rime drake (D)
  2 trolls (D)
  A troll (shapeshifter) (D)
  A jumping spider (shapeshifter) (D)
  2 slime creatures (D)
  A hornet (D)
  A polar bear (D)
  A blink frog (D)
  A hippogriff (D)
  A spriggan (shapeshifter) (D)
  A water elemental (D)
  2 wraiths (D)
  A flying skull (D)
  4 spriggans (D)
  3 wyverns (D)
  A neqoxec (D)
  2 steam dragons (D)
  2 wargs (D)
  2 acid dragons (D)
  A hell hound (D)
  5 water moccasins (D)
  A porcupine (D)
  An ice beast (D)
  18 orc warriors (D)
  A black bear (D)
  An eye of draining (D)
  A wolf (D)
  5 ogres (D)
  2 crocodiles (D)
  A bullfrog (D)
  3 crimson imps (D)
  2 quasits (D)
  An iron imp (D)
  An orc priest (D)
  2 orc wizards (D)
  An iguana (D)
  A river rat (D)
  2 white imps (D)
  An ufetubus (D)
  2 oozes (D)
  An adder zombie (D)
  2 adder skeletons (D)
  An orc (D)
  2 ball pythons (D)
  2 leopard gecko skeletons (D)
  A leopard gecko zombie (D)
  A quokka skeleton (D)
126 creatures vanquished.

Vanquished Creatures (collateral kills)
  A shard shrike (D)
  A shining eye (D)
  A cyclops (shapeshifter) (D)
3 creatures vanquished.

Vanquished Creatures (others)
  A wyvern (D)
1 creature vanquished.

Grand Total: 130 creatures vanquished

Notes
Turn   | Place    | Note
-------+----------+-------------------------------------------
     0 | D        | esc the Gargoyle Fighter began the quest for the Orb.
     0 | D        | Reached XP level 1. HP: 14/14 MP: 1/1
     0 | D        | Found a deep blue altar of Sif Muna.
     0 | D        | Found a sacrificial altar of Ru.
     0 | D        | Found a bloodstained altar of Trog.
     0 | D        | Found a stormy altar of Qazlal.
     0 | D        | Found an iron altar of Okawaru.
     0 | D        | Found a sparkling altar of Nemelex Xobeh.
     0 | D        | Found a blossoming altar of Fedhas.
     2 | D        | Found an ancient bone altar of Kikubaaqudgha.
     2 | D        | Found a viscous altar of Jiyva.
     2 | D        | Found a corrupted altar of Lugonu.
     2 | D        | Found a hazy altar of Hepliaklqana.
     2 | D        | Found a burning altar of Makhleb.
     2 | D        | Found an opulent altar of Gozag.
   101 | D        | Became a worshipper of Makhleb the Destroyer
   158 | D        | Entered arena 1.
   158 | D        | Noticed an iguana
   159 | D        | Reached skill level 1 in Dodging
   159 | D        | Reached XP level 2. HP: 20/20 MP: 2/2
   161 | D        | Reached skill level 4 in Fighting
   161 | D        | Reached skill level 3 in Maces & Flails
   161 | D        | Reached skill level 4 in Armour
   161 | D        | Reached skill level 2 in Dodging
   161 | D        | Reached skill level 4 in Shields
   161 | D        | Reached XP level 3. HP: 24/24 MP: 3/3
   174 | D        | Entered arena 2.
   179 | D        | Reached * piety under Makhleb
   179 | D        | Reached skill level 5 in Fighting
   179 | D        | Reached skill level 5 in Armour
   179 | D        | Reached XP level 4. HP: 31/31 MP: 4/4
   180 | D        | Reached skill level 4 in Maces & Flails
   180 | D        | Reached skill level 3 in Dodging
   180 | D        | Reached skill level 5 in Shields
   193 | D        | Entered arena 3.
   193 | D        | Noticed a water elemental
   193 | D        | Noticed a raiju
   193 | D        | Noticed a deep elf archer
   193 | D        | Noticed a deep elf knight
   195 | D        | Noticed a jumping spider
   195 | D        | a raiju changed into a jumping spider
   200 | D        | Killed a deep elf knight
   200 | D        | Reached ** piety under Makhleb
   200 | D        | Reached skill level 8 in Fighting
   200 | D        | Reached skill level 7 in Maces & Flails
   200 | D        | Reached skill level 8 in Armour
   200 | D        | Reached skill level 5 in Dodging
   200 | D        | Reached skill level 8 in Shields
   200 | D        | Reached XP level 5. HP: 38/40 MP: 5/5
   200 | D        | Reached XP level 6. HP: 42/45 MP: 6/6
   200 | D        | Reached XP level 7. HP: 47/50 MP: 7/7
   202 | D        | Killed a water elemental
   202 | D        | Reached skill level 9 in Fighting
   202 | D        | Reached skill level 9 in Armour
   202 | D        | Reached skill level 6 in Dodging
   204 | D        | Killed a jumping spider
   204 | D        | Reached skill level 8 in Maces & Flails
   204 | D        | Reached skill level 9 in Shields
   204 | D        | Reached XP level 8. HP: 56/56 MP: 8/8
   208 | D        | Killed a deep elf archer
   208 | D        | Reached *** piety under Makhleb
   208 | D        | Reached skill level 10 in Fighting
   208 | D        | Reached skill level 10 in Armour
   208 | D        | Reached skill level 7 in Dodging
   208 | D        | Reached skill level 10 in Shields
   214 | D        | Reached skill level 9 in Maces & Flails
   214 | D        | Reached XP level 9. HP: 63/63 MP: 9/9
   220 | D        | Entered arena 4.
   246 | D        | Entered arena 5.
   247 | D        | Reached **** piety under Makhleb
   247 | D        | Reached XP level 10. HP: 68/68 MP: 10/10
   253 | D        | Reached skill level 8 in Dodging
   264 | D        | Entered arena 6.
   264 | D        | Noticed a spriggan rider
   268 | D        | Reached ***** piety under Makhleb
   268 | D        | Reached skill level 11 in Fighting
   268 | D        | Reached skill level 11 in Armour
   268 | D        | Reached skill level 11 in Shields
   268 | D        | Reached skill level 10 in Maces & Flails
   304 | D        | Entered arena 7.
   304 | D        | Noticed a shining eye
   312 | D        | Killed a shining eye
   312 | D        | Reached ****** piety under Makhleb
   313 | D        | Reached skill level 9 in Dodging
   313 | D        | Reached skill level 12 in Shields
   314 | D        | Reached skill level 12 in Fighting
   314 | D        | Reached skill level 12 in Armour
   323 | D        | Entered arena 8.
   323 | D        | Noticed a draconian
   323 | D        | Noticed a draconian
   323 | D        | Noticed a draconian
   323 | D        | Noticed a black draconian
   323 | D        | Noticed a draconian
   323 | D        | Noticed a draconian
   323 | D        | Noticed a draconian
   333 | D        | Killed a draconian
   333 | D        | Reached skill level 11 in Maces & Flails
   333 | D        | Reached skill level 1 in Invocations
   333 | D        | Killed a draconian
   333 | D        | Reached skill level 2 in Invocations
   333 | D        | Killed a draconian
   333 | D        | Reached skill level 3 in Invocations
   334 | D        | Killed a draconian
   334 | D        | Reached XP level 11. HP: 63/76 MP: 9/13
   334 | D        | Killed a draconian
   334 | D        | Reached skill level 4 in Invocations
   338 | D        | Killed a draconian
   339 | D        | Killed a black draconian
   339 | D        | Reached skill level 13 in Fighting
   339 | D        | Reached skill level 13 in Armour
   339 | D        | Reached skill level 10 in Dodging
   339 | D        | Reached skill level 13 in Shields
   339 | D        | Reached skill level 5 in Invocations
   344 | D        | Got the +5 dire flail of the Briny Deep {crush, *Rage +Blink Str+3 Int+6}
   364 | D        | Entered arena 9.
   406 | D        | Learned a level 9 spell: Tornado
   410 | D        | Entered arena 10.
   410 | D        | Noticed Niytuem the pandemonium lord
   414 | D        | Reached skill level 12 in Maces & Flails
   414 | D        | Reached skill level 6 in Invocations
   416 | D        | Noticed a tentacled monstrosity
   416 | D        | Noticed a large abomination
   426 | D        | HP: 29/117 [large abomination[Niytuem] (18)]
   429 | D        | Noticed a tentacled monstrosity
   429 | D        | Noticed a large abomination
   429 | D        | Noticed a tentacled monstrosity
   429 | D        | Reached skill level 1 in Spellcasting
   434 | D        | HP: 19/117 [large abomination[Niytuem] (8)]
   438 | D        | HP: 2/117 [tentacled monstrosity[Niytuem] (9)]
   439 | D        | Noticed a tentacled monstrosity
   439 | D        | Noticed a tentacled monstrosity
   440 | D        | Killed Niytuem the pandemonium lord
   440 | D        | Reached skill level 3 in Spellcasting
   440 | D        | Reached skill level 7 in Invocations
   701 | D        | Entered arena 11.
   701 | D        | Noticed a shining eye
   701 | D        | Noticed a mana viper
   701 | D        | Noticed a white very ugly thing
   701 | D        | a mana viper changed into an eye of devastation
   702 | D        | Noticed a two-headed ogre
   702 | D        | Noticed a purple ugly thing
   702 | D        | Noticed a swamp dragon
   703 | D        | Noticed a death drake
   703 | D        | a torpor snail changed into a death drake
   704 | D        | a death drake changed into a wind drake
   704 | D        | Noticed a shining eye
   704 | D        | an eye of devastation changed into a shining eye
   705 | D        | Noticed a cyclops
   705 | D        | a two-headed ogre changed into a cyclops
   705 | D        | Noticed a sea snake
   705 | D        | an elephant changed into a sea snake
   705 | D        | Noticed a moth of wrath
   705 | D        | an elephant changed into a moth of wrath
   706 | D        | a moth of wrath changed into something unseen
   707 | D        | Killed a purple ugly thing
   707 | D        | a shining eye changed into a snapping turtle
   708 | D        | a cyclops changed into an eye of devastation
   708 | D        | Noticed an anaconda
   708 | D        | a sea snake changed into an anaconda
   708 | D        | Killed a shining eye
   708 | D        | Gained mutation: You are dopey. (Int -2) [a neqoxec]
   710 | D        | Killed an anaconda
   710 | D        | Reached XP level 12. HP: 74/84 MP: 17/17
   711 | D        | Killed a purple very ugly thing
   711 | D        | Reached skill level 14 in Fighting
   711 | D        | Reached skill level 14 in Armour
   711 | D        | Reached skill level 14 in Shields
   711 | D        | Reached skill level 4 in Spellcasting
   711 | D        | Reached skill level 8 in Invocations
   727 | D        | Reached skill level 11 in Dodging
   731 | D        | Gained mutation: Armour fits poorly on your strangely shaped body. [mutagenic meat]
   732 | D        | Gained mutation: Your body sometimes deteriorates upon taking damage. [mutagenic meat]
   735 | D        | Gained mutation: You are frail. (-10% HP) [mutagenic meat]
   736 | D        | Lost mutation: You are frail. (-10% HP) [mutagenic meat]
   739 | D        | Gained mutation: Your body often deteriorates upon taking damage. [mutagenic meat]
   743 | D        | Gained mutation: Scrolls take you a little longer to read. [mutagenic meat]
   745 | D        | Gained mutation: You are somewhat resistant to further mutation. [mutagenic meat]
   771 | D        | Entered arena 12.
   771 | D        | Noticed an orc warlord
   772 | D        | Noticed an orc warlord
   772 | D        | Noticed a stone giant
   798 | D        | Noticed a soul eater
   803 | D        | Killed a stone giant
   803 | D        | Reached skill level 13 in Maces & Flails
   803 | D        | Reached skill level 5 in Spellcasting
   809 | D        | Killed an orc warlord
   809 | D        | Reached skill level 9 in Invocations
   821 | D        | Killed an orc warlord
   827 | D        | Reached skill level 6 in Spellcasting
   892 | D        | Upgraded the game from 0.20-a0-848-g73d9be0 to 0.20-a0-854-g0cc194a
   892 | D        | Upgraded the game from 0.20-a0-854-g0cc194a to 0.20-a0-871-g785f14b
   909 | D        | Entered arena 13.
   910 | D        | Noticed an ice dragon
   912 | D        | Noticed a shard shrike
   917 | D        | HP: 20/86 [freezing wraith (12)]
   933 | D        | Reached skill level 1 in Air Magic
   944 | D        | Killed an ice dragon
   944 | D        | Reached skill level 15 in Fighting
   944 | D        | Reached skill level 15 in Armour
   944 | D        | Reached skill level 15 in Shields
   944 | D        | Killed a shard shrike
   944 | D        | Reached skill level 2 in Air Magic
   944 | D        | Reached XP level 13. HP: 54/92 MP: 21/23
  1119 | D        | Identified Vugib's Reference Book on Boosting Calling (You found it in the Dungeon)
  1126 | D        | Learned a level 6 spell: Deflect Missiles
  1126 | D        | Identified Vugib's Reference Book on Boosting Calling (You found it in the Dungeon)
  1126 | D        | Identified Vugib's Reference Book on Boosting Calling (You found it in the Dungeon)
  1126 | D        | Identified Vugib's Reference Book on Boosting Calling (You found it in the Dungeon)
  1126 | D        | Identified Vugib's Reference Book on Boosting Calling (You found it in the Dungeon)
  1127 | D        | Entered arena 14.
  1128 | D        | Noticed an ettin
  1128 | D        | Noticed a stone giant
  1129 | D        | Noticed a stone giant
  1138 | D        | Reached skill level 7 in Spellcasting
  1144 | D        | Reached skill level 3 in Air Magic
  1153 | D        | Reached skill level 4 in Air Magic
  1158 | D        | Killed an ettin
  1158 | D        | Reached skill level 8 in Spellcasting
  1158 | D        | Reached skill level 5 in Air Magic
  1159 | D        | Killed a stone giant
  1159 | D        | Reached skill level 9 in Spellcasting
  1164 | D        | Killed a stone giant
  1164 | D        | Reached skill level 6 in Air Magic
  1196 | D        | Entered arena 15.
  1214 | D        | Reached skill level 10 in Spellcasting
  1214 | D        | Reached skill level 7 in Air Magic
  1254 | D        | Entered arena 16.
  1273 | D        | Reached skill level 8 in Air Magic
  1280 | D        | Reached skill level 11 in Spellcasting
  1285 | D        | Reached skill level 9 in Air Magic
  1300 | D        | Got the ring "Xuanumech" {+Inv Int+2 Stlth-}
  1306 | D        | Got the ring of Hiudi {Ice Str+2 Slay+3 Stlth+}
  1320 | D        | Learned a level 8 spell: Ignition
  1333 | D        | Entered arena 17.
  1337 | D        | Noticed a blizzard demon
  1337 | D        | Noticed a Tzitzimitl
  1337 | D        | Noticed Roal the pandemonium lord
  1338 | D        | Noticed a blizzard demon
  1338 | D        | Noticed Dyd Kal the pandemonium lord
  1345 | D        | Noticed a Tzitzimitl
  1348 | D        | Gained mutation: You are frail. (-10% HP) [a neqoxec]
  1351 | D        | HP: 6/82 [blizzard demon/the air (19)]
  1354 | D        | Slain by Roal the pandemonium lord

Vault maps used:
D:        sprint_v

Skill      XL: |  1  2  3  4  5  6  7  8  9 10 11 12 13 |
---------------+----------------------------------------+-----
Dodging        | 1 2 5 6 7 9 10 11 | 11.8
Fighting       | 4 5 8 9 10 12 13 15 | 15.2
Maces & Flails | 3 7 8 9 11 12 13 | 13.8
Armour         | 4 5 8 9 10 12 13 15 | 15.2
Shields        | 4 8 9 10 12 13 15 | 15.1
Invocations    | 3 7 9 |  9.7
Spellcasting   | 3 6 11 | 11.5
Air Magic      | 2 9 |  9.1

Action                   |  1- 3 |  4- 6 |  7- 9 | 10-12 | 13-15 || total
-------------------------+-------+-------+-------+-------+-------++-------
Melee: Shillelagh        |     4 |     6 |    14 |   102 |    75 ||   201
       Whip              |       |       |       |    67 |       ||    67
       Demon whip        |       |       |       |    13 |       ||    13
Invok: Greater Servant o |       |       |       |     4 |     1 ||     5
 Abil: Stop Flying       |       |       |       |       |     1 ||     1
Evoke: Wand              |     1 |     2 |       |     2 |       ||     5
       Lightning rod     |       |       |       |     3 |       ||     3
  Use: Potion            |       |       |     1 |     6 |     3 ||    10
 Stab: Distracted        |       |       |       |     1 |       ||     1
  Eat: Chunk             |       |       |       |     8 |       ||     8
       Bread ration      |       |       |       |       |     1 ||     1
Armor: Plate armour      |     1 |     5 |     6 |    88 |    20 ||   120
Dodge: Dodged            |       |       |     1 |    39 |     9 ||    49
Block: Shield            |     7 |    18 |    18 |   302 |   106 ||   451

Vault maps used:
D:        sprint_v

Table legend:
 A = Turns spent in this place as a percentage of turns spent in the entire game.
 B = Non-inter-level travel turns spent in this place as a percentage of non-inter-level travel turns spent in the entire game.
 C = Inter-level travel turns spent in this place as a percentage of turns spent in this place.
 D = Turns resting spent in this place as a percentage of non-inter-level travel turns spent in this place.
 E = Turns spent auto-exploring this place as a percentage of non-inter-level travel turns spent in this place.
 F = Non-inter-level travel turns spent in this place divided by the number of levels of this place that you've seen.
                   A       B       C       D       E      F
               +-------+-------+-------+-------+-------+----------------------
         Total | 100.0 | 100.0 |   0.0 |   1.7 |   0.0 | 1074.0
       Dungeon | 100.0 | 100.0 |   0.0 |   1.7 |   0.0 | 1074.0
               +-------+-------+-------+-------+-------+----------------------

Table legend:
 A = Kills in this place as a percentage of kills in entire the game.
 B = Kills by you in this place as a percentage of kills by you in the entire game.
 C = Kills by friends in this place as a percentage of kills by friends in the entire game.
 D = Other kills in this place as a percentage of other kills in the entire game.
 E = Experience gained in this place as a percentage of experience gained in the entire game.
 F = Experience gained in this place divided by the number of levels of this place that you have seen.
                   A       B       C       D       E      F
               +-------+-------+-------+-------+-------+----------------------
         Total | 100.0 | 100.0 | 100.0 | 100.0 | 100.0 | 44001.0
       Dungeon | 100.0 | 100.0 | 100.0 | 100.0 | 100.0 | 44001.0
               +-------+-------+-------+-------+-------+----------------------
